 Dungeon Crawl Stone Soup version 0.31.0-11-ge490571c62 (webtiles) character file.

Game seed: 8912530080650278463

69 qw the Shooter (level 4, -2/25 HPs)
             Began as a Deep Elf Hunter on Feb 5, 2024.
             Slain by Grinder (6 damage)
             ... on level 3 of the Dungeon.
             The game lasted 00:00:44 (1571 turns).

qw the Shooter (Deep Elf Hunter)                    Turns: 1571, Time: 00:00:45

Health: -2/25      AC:  6    Str: 10    XL:     4   Next: 2%
Magic:  6/6        EV: 11    Int: 14    God:
Gold:   101        SH:  0    Dex: 18    Spells: 3/3 levels left

rFire   . . .        a - +0 shortbow
rCold   . . .        (shield currently unavailable)
rNeg    . . .        b - +0 ring mail
rPois   .            h - +0 helmet
rElec   .            (no cloak)
rCorr   .            (no gloves)
SInv    .            (no boots)
Will    +....        (no amulet)
Stlth   +            e - ring of willpower
HPRegen 0.24/turn    (no ring)
MPRegen 0.10/turn

%: no passive effects
@: no status effects
A: no striking features
a: no special abilities


You were on level 3 of the Dungeon.
You visited 1 branch of the dungeon, and saw 3 of its levels.

You collected 101 gold pieces.


   Skills:
 - Level 1.5 Fighting
 + Level 7.4 Ranged Weapons
 - Level 2.4 Dodging
 - Level 1.2 Stealth


You had 3 spell levels left.
You didn't know any spells.
Your spell library was empty.

Inventory:

Hand Weapons
 a - a +0 shortbow (weapon)
Armour
 b - a +0 ring mail (worn)
 d - the -2 helmet "Matserea" {rPois Str+3 Int-2}
   (You found it on level 3 of the Dungeon)

   Str+3:     It affects your strength (+3).
   Int-2:     It affects your intelligence (-2).
   rPois:     It protects you from poison
 h - a +0 helmet (worn)
Jewellery
 e - a ring of willpower (left hand)
Potions
 c - a potion of resistance {unknown}
 f - a potion of curing
 g - a potion of mutation
 i - a potion of lignification {unknown}

Dungeon Overview and Level Annotations

Branches:
Dungeon (3/15)

Altars:

Annotations:
D:3 Grinder


Message History

Grinder zaps a wand.
The puff of flame misses you.
You shoot an arrow.
The arrow hits Grinder but does no damage.
Grinder gestures at you. You resist with almost no effort.
You shoot an arrow.
The arrow hits Grinder but does no damage.
Grinder barely misses you.
You shoot an arrow. The arrow hits Grinder!
Grinder is moderately wounded.
Grinder blinks!
Grinder zaps a wand.
The puff of flame misses you.
1557 ||| FLEEEEING.
You start resting.
Grinder is nearby!
1560 ||| FLEEEEING.
You start resting.
Grinder is nearby!
1562 ||| FLEEEEING.
1563 ||| FLEEEEING.
You start resting.
Grinder is nearby!
You shoot an arrow. The arrow hits Grinder.
Grinder is lightly wounded.
Grinder gestures at you. You resist with some effort.
You shoot an arrow.
The arrow hits Grinder but does no damage.
Grinder is lightly wounded.
Grinder gestures at you. Pain shoots through your body!
You shoot an arrow. The arrow hits Grinder!
Grinder is moderately wounded.
Grinder gestures at you. You resist with almost no effort.
You shoot an arrow. The arrow barely misses Grinder.
You shoot an arrow. The arrow hits Grinder!
Grinder is heavily wounded.
Grinder hits you.
You writhe in agony.
You die...
Grinder says, "Hey, I wasn't done torturing you yet!"

#.... #.... #
#5... #.##...
#......
####.5.#####
#..........#
#.##...###5# #...
#@# #... #.# ####
#.# ############.#
#####............#
......############
....<.# ......#
......#


You could see Grinder.

Vanquished Creatures
  Jessica (D:2)
  An adder (D:2)
  A dart slug (D:2)
  3 ball pythons
  3 bats
  2 endoplasms
  2 giant cockroaches
  4 hobgoblins
  4 jackals (D:1)
  A quokka (D:1)
  2 frilled lizards (D:1)
  3 kobolds
  4 rats
31 creatures vanquished.

Notes
Turn   | Place    | Note
-------+----------+-------------------------------------------
     0 | D:1      | qw the Deep Elf Hunter began the quest for the Orb.
     0 | D:1      | Reached XP level 1. HP: 12/12 MP: 3/3
     0 | D:1      | 0 ||| qw: Version: 0.3-a-160-g6735b56
     0 | D:1      | 0 ||| qw: Game counter: 6399
     0 | D:1      | 0 ||| qw: Melee chars always use a shield: true
     0 | D:1      | 0 ||| qw: God list: Okawaru
     0 | D:1      | 0 ||| qw: Allow faded altars: false
     0 | D:1      | 0 ||| qw: Do Orc after clearing Dungeon:15 true
     0 | D:1      | 0 ||| qw: Do second Lair branch before Depths: true
     0 | D:1      | 0 ||| qw: Lair rune preference: random
     0 | D:1      | 0 ||| qw: Goals: Normal
     0 | D:1      | 0 ||| PLANNING D:1-11
   224 | D:1      | Reached XP level 2. HP: 16/16 MP: 4/4
   236 | D:1      | Reached skill level 6 in Ranged Weapons
   929 | D:1      | 929 ||| UPGRADING to +0 helmet.
   934 | D:1      | 934 ||| UPGRADING to ring of willpower.
   935 | D:1      | 935 ||| READING scroll labelled GODWA TAXESI.
   936 | D:1      | 936 ||| DRINKING 2 fuming golden potions.
   937 | D:1      | 937 ||| DROPPING scroll of butterflies.
  1049 | D:2      | Reached XP level 3. HP: 20/20 MP: 5/5
  1180 | D:2      | Found a faded altar of an unknown god.
  1240 | D:2      | Identified the +3 short sword of Ragnarok {holy, Stlth+}
  1273 | D:2      | Noticed Jessica
  1277 | D:2      | Killed Jessica
  1278 | D:2      | Reached skill level 7 in Ranged Weapons
  1324 | D:2      | Reached XP level 4. HP: 25/25 MP: 6/6
  1445 | D:2      | 1445 ||| UPGRADING to +0 ring mail.
  1455 | D:2      | 1455 ||| DROPPING +0 leather armour.
  1456 | D:2      | 1456 ||| READING scroll labelled ZAKIEFINOO.
  1456 | D:2      | 1456 ||| IDENTIFYING murky sapphire potion
  1531 | D:3      | Identified the -2 helmet "Matserea" {rPois Str+3 Int-2}
  1543 | D:3      | Noticed Grinder
  1547 | D:3      | Paralysed by Grinder for 5 turns
  1557 | D:3      | 1557 ||| FLEEEEING.
  1560 | D:3      | 1560 ||| FLEEEEING.
  1562 | D:3      | 1562 ||| FLEEEEING.
  1563 | D:3      | 1563 ||| FLEEEEING.
  1571 | D:3      | HP: 4/25 [Grinder (5)]
  1571 | D:3      | Slain by Grinder

Levels and vault maps discovered:
D:1:      evilmike_arrival_plus, layout_basic
D:2:      layout_basic, chequers_ecumenical_altar_twisty, uniq_jessica
D:3:      layout_basic, hangedman_abyss_or_decor_stabs, uniq_terence,
          uniq_grinder

Skill      XL: |  1  2  3 |
---------------+----------+-----
Ranged Weapons | 6 7 |  7.4
Fighting       | |  1.5
Dodging        | |  2.4
Stealth        | |  1.2

Action                     |  1- 3 |  4- 6 || total
---------------------------+-------+-------++-------
   Fire: Shortbow          |    60 |    18 ||    78
    Use: Scroll            |     1 |     1 ||     2
         Potion            |     1 |       ||     1
 Armour: Leather armour    |     5 |     1 ||     6
         Ring mail         |       |     7 ||     7
  Dodge: Dodged            |     7 |     3 ||    10

Table legend:
 A = Non-vault XP
 B = Vault XP
 C = Vault XP percentage of total XP
 D = Non-vault monster count
 E = Vault monster count
 F = Vault count percentage of total count
                 A         B        C        D         E       F
            +---------+---------+-------+---------+---------+-------
      Total |      62 |      37 |  37.4 |      30 |       1 |   3.2
            +---------+---------+-------+---------+---------+-------
        D:1 |      30 |       0 |   0.0 |      18 |       0 |   0.0
        D:2 |      31 |      37 |  54.4 |      11 |       1 |   8.3
        D:3 |       1 |       0 |   0.0 |       1 |       0 |   0.0
            +---------+---------+-------+---------+---------+-------
